 Dungeon Crawl Stone Soup version 0.29.1-13-g9f3cf754e1 (webtiles) character file.

Game seed: 12859025354122005556

21 Descartes the Firebug (level 2, -2/15 HPs)
             Began as a Deep Elf Fire Elementalist on Jan 27, 2023.
             Killed from afar by Sigmund (6 damage)
             ... with a magic dart
             ... on level 2 of the Dungeon.
             The game lasted 00:01:45 (1311 turns).

Descartes the Firebug (Deep Elf Fire Elementalist)  Turns: 1311, Time: 00:01:46

Health: -2/15      AC:  2    Str:  5    XL:     2   Next: 65%
Magic:  5/8        EV: 12    Int: 19    God:
Gold:   70         SH:  0    Dex: 15    Spells: 6/7 levels left

rFire   . . .      SeeInvis .   e - +1 dagger (venom)
rCold   . . .      Faith    .   (no shield)
rNeg    . . .      Spirit   .   a - +0 robe
rPois   .          Reflect  .   (no helmet)
rElec   .          Harm     .   (no cloak)
rCorr   .          Rampage  .   (no gloves)
Will    .....                   (no boots)
Stlth   ++........              (no amulet)
HPRegen 0.05/turn               (no ring)
MPRegen 0.11/turn               (no ring)

@: no status effects
A: no striking features
a: no special abilities


You were on level 2 of the Dungeon.
You visited 1 branch of the dungeon, and saw 2 of its levels.

You collected 70 gold pieces.

Inventory:

Hand Weapons
 e - a +1 dagger of venom (weapon)
 o - a +0 dagger of electrocution
 p - a +0 dagger of draining
Missiles
 l - 2 poisoned darts
Armour
 a - a +0 robe (worn)
Scrolls
 c - a scroll of teleportation {unknown}
 f - 3 scrolls of vulnerability {unknown}
 h - a scroll of noise {unknown}
 j - a scroll of identify {unknown}
 m - 3 scrolls of blinking {unknown}
Potions
 b - a potion of magic
 d - a potion of haste {unknown}
 g - a potion of brilliance {unknown}
 i - a potion of invisibility {unknown}
 k - a potion of curing {unknown}
 n - a potion of flight {unknown}
 q - a potion of mutation {unknown}


   Skills:
 + Level 2.6 Dodging
 + Level 2.8 Stealth
 + Level 3.2 Spellcasting
 + Level 1.5 Conjurations
 + Level 3.4 Fire Magic
 + Level 0.6 Poison Magic
 + Level 0.7 Evocations


You had 6 spell levels left.
You knew the following spells:

 Your Spells              Type           Power      Damage    Failure   Level
a - Foxfire               Conj/Fire      48%        2x1d6     5%          1

Your spell library contained the following spells:

 Spells                   Type           Power      Damage    Failure   Level
 Scorch                   Fire           32%        2d7       5%          2
 Conjure Flame            Conj/Fire      12%        6-21      16%         3
 Inner Flame              Hex/Fire       9%         N/A       22%         3
 Flame Wave               Conj/Fire      12%        2d6       47%         4


Dungeon Overview and Level Annotations

Branches:
Dungeon (2/15)

Altars:

Annotations:
D:2 Sigmund


Message History

A bat comes into view.
Sigmund the Dreaded comes into view.
He is wielding a +0 scythe.
Found a pair of embroidered gloves.
The bat misses you. The bat hits you. The bat hits you but does no damage.
The bat attacks as you move away! The bat closely misses you.
The bat hits you but does no damage. The bat hits you.
The bat hits you but does no damage.
Sigmund is suddenly surrounded by pale blue light.
Casting: Foxfire (safe; 5% risk of failure)
Confirm with . or Enter, or press ? or * to list all spells.
You conjure some foxfire!
The bat barely misses you. x2; The bat misses you.
Sigmund hits you from afar with a +0 scythe!
Ouch! That really hurt!
* * * LOW HITPOINT WARNING * * *
The bat attacks as you move away! The bat hits you but does no damage.
The foxfire hits the bat but does no damage.
The foxfire hits the bat.
The bat is heavily wounded.
The bat barely misses you. The bat closely misses you.
Casting: Foxfire (safe; 5% risk of failure)
Confirm with . or Enter, or press ? or * to list all spells.
You conjure some foxfire!
The bat hits you but does no damage.
The foxfire hits the bat but does no damage.
The bat is heavily wounded.
The foxfire hits the bat.
The bat is severely wounded.
The bat misses you.
Casting: Foxfire (safe; 5% risk of failure)
Confirm with . or Enter, or press ? or * to list all spells.
You conjure some foxfire!
The foxfire hits the bat but does no damage.
The bat is severely wounded.
Sigmund barely misses you. The bat barely misses you.
The foxfire hits the bat.
You kill the bat!
Sigmund points at you and mumbles some strange words.
The magic dart hits you.
You die...

... ..#.# #...#.#
#..##.#.# ###...#
#...#.#.# ##..#
#.#...#)########..#
#.................####.#
####....#..#####.......#
..............†........#
####....###.#####......#
#...@# #..# ###.####
##+## #....# ##... .#
..... #....# #### >.
...... #.†@.# ##
..≈[..### #....#
.≈§≈..'.####....#
#........[# ###########


You could see Sigmund.

Vanquished Creatures
  A bat (D:2)
  2 endoplasms (D:1)
  A giant cockroach (D:1)
  3 goblins
  3 hobgoblins (D:1)
  2 quokkas
  4 ball pythons (D:1)
  2 rats
18 creatures vanquished.

Vanquished Creatures (collateral kills)
  A foxfire (D:1)
1 creature vanquished.

Vanquished Creatures (others)
  58 foxfires
58 creatures vanquished.

Grand Total: 77 creatures vanquished

Notes
Turn   | Place    | Note
-------+----------+-------------------------------------------
     0 | D:1      | Descartes the Deep Elf Fire Elementalist began the quest
                  | for the Orb.
     0 | D:1      | Reached XP level 1. HP: 10/10 MP: 6/6
   344 | D:1      | Reached XP level 2. HP: 14/15 MP: 4/8
  1298 | D:2      | Noticed Sigmund
  1311 | D:2      | Killed from afar by Sigmund

Illustrated notes

Levels and vault maps discovered:
D:1:      co_arrival_random_square_maze, layout_basic, kennysheep_nondescript,
          serial_bayou_pond_c
D:2:      layout_basic, kennysheep_generic_room_8, uniq_sigmund

Action                   || total
-------------------------++-------
 Cast: Foxfire           ||    38
Armor: Robe              ||     5
Dodge: Dodged            ||    14
